 Dungeon Crawl Stone Soup version 0.30-a0-986-g7f2e898f52 (webtiles) character file.

Game seed: 9581352495416669921

149 CoinPitGoblin the Magician (level 5, -1/35 HPs)
             Began as a Demonspawn Fire Elementalist on Apr 2, 2023.
             Killed from afar by an orc wizard (11 damage)
             ... with a magic dart
             ... on level 4 of the Dungeon.
             The game lasted 00:07:09 (4348 turns).

CoinPitGoblin the Magician (DsFE)                   Turns: 4348, Time: 00:07:09

Health: -1/35      AC:  4    Str:  8    XL:     5   Next: 9%
Magic:  4/10       EV: 12    Int: 21    God:
Gold:   103        SH:  0    Dex: 13    Spells: 6/10 levels left

rFire   . . .      SeeInvis .    d - +1 dagger (drain)
rCold   . . .      Faith    .    (no shield)
rNeg    + . .      Spirit   .    a - +0 robe
rPois   .          Reflect  .    (no helmet)
rElec   .          Rampage  .    (no cloak)
rCorr   .                        w - +0 pair of gloves
Will    .....                    h - +0 pair of boots
Stlth   ++                       (no amulet)
HPRegen 0.25/turn                j - ring of positive energy
MPRegen 0.12/turn                (no ring)

@: no status effects
A: big brain 1
a: no special abilities


You were on level 4 of the Dungeon.
You visited 1 branch of the dungeon, and saw 4 of its levels.

You collected 103 gold pieces.

Inventory:

Hand Weapons
 c - a +0 dagger
 d - a +1 dagger of draining (weapon)
Armour
 a - a +0 robe (worn)
 h - a +0 pair of boots (worn)
 q - a +1 ring mail of cold resistance
 w - a +0 pair of gloves (worn)
Jewellery
 j - a ring of positive energy (left hand)
Scrolls
 l - a scroll of noise {unknown}
 m - a scroll of summoning {unknown}
 p - a scroll of teleportation {unknown}
 r - a scroll of fear {unknown}
 s - a scroll of poison {unknown}
 v - a scroll of magic mapping {unknown}
Potions
 b - a potion of magic
 e - 4 potions of curing {unknown}
 f - a potion of might {unknown}
 i - 2 potions of flight {unknown}
 n - a potion of brilliance {unknown}
 o - a potion of lignification {unknown}
 t - a potion of attraction {unknown}
 u - a potion of mutation {unknown}


   Skills:
 + Level 0.3 Fighting
 + Level 2.9 Dodging
 - Level 1.7 Stealth
 + Level 3.4 Spellcasting
 - Level 1.0 Conjurations
 * Level 2.4 Hexes
 - Level 2.6 Fire Magic


You had 6 spell levels left.
You knew the following spells:

 Your Spells              Type           Power      Damage    Failure   Level
a - Inner Flame           Hex/Fire       14%        N/A       13%         3
q - Foxfire               Conj/Fire      44%        2x1d4     6%          1

Your spell library contained the following spells:

 Spells                   Type           Power      Damage    Failure   Level
 Scorch                   Fire           28%        2d6       6%          2
 Kindle Blastsparks       Fire/Tloc/Air  14%        2d11      26%         3
 Flame Wave               Conj/Fire      11%        2d6       52%         4


Dungeon Overview and Level Annotations

Branches:
Dungeon (4/15)
 Temple: D:4-7

Altars:

Annotations:
D:1 1 transporter


Innate Abilities, Weirdness & Mutations

You have an unusually large brain. (Int +2)


Message History

You hit the orc.
The orc is almost dead.
The orc hits you but does no damage. The orc hits you with a +0 falchion.
Something hits you.
You conjure some foxfire!
The orc hits you with a +0 dagger. The orc hits you with a +0 falchion.
Something barely misses you.
Nothing appears to happen.
The foxfire hits the orc.
You kill the orc!
The orc hits you with a +0 dagger. Something completely misses you.
You conjure some foxfire!
The orc hits you but does no damage. Something hits you but does no damage.
Nothing appears to happen.
The foxfire hits the orc.
The orc is moderately wounded.
The foxfire hits the orc but does no damage.
The orc is moderately wounded.
The orc hits you but does no damage. Something hits you but does no damage.
You conjure some foxfire!
The orc hits you with a +0 dagger.
You hear some strange, mumbled words.
Something tries to affect you, but you resist.
Nothing appears to happen.
The foxfire hits the orc.
The orc is heavily wounded.
The foxfire hits the orc.
You kill the orc!
You hear some strange, mumbled words.
You are confused.
You're too confused to cast spells.
You're too confused to cast spells.
Something hits you.
You see here a +0 falchion.
You bump into the rock wall.
Something hits you.
You miss something. Something hits you.
You bump into the rock wall.
Something hits you. Something hits you.
* * * LOW HITPOINT WARNING * * *
You feel less confused.
An orc wizard appears from thin air!
Reactivating autopickup.
The orc wizard gestures at you while chanting.
The magic dart hits you!
You die...

#.. #.#
#..##.##
#>.....
#.....#
#...†)#
#...).# ###
#####.#
#<##########.#
#..[.....@.o)#
##############
..... .....
..... ##+##


You could see an orc wizard.

Vanquished Creatures
  A scorpion (D:2)
  3 adders
  A worm (D:3)
  6 orcs
  5 endoplasms
  A giant cockroach (D:3)
  7 goblins
  3 hobgoblins
  2 quokkas
  8 ball pythons
  6 bats
  6 frilled lizards
  3 kobolds
  6 rats
58 creatures vanquished.

Vanquished Creatures (others)
  178 foxfires
178 creatures vanquished.

Grand Total: 236 creatures vanquished

Notes
Turn   | Place    | Note
-------+----------+-------------------------------------------
     0 | D:1      | CoinPitGoblin the Demonspawn Fire Elementalist began the
                  | quest for the Orb.
     0 | D:1      | Reached XP level 1. HP: 13/13 MP: 3/3
   467 | D:2      | Gained mutation: You have an unusually large brain. (Int
                  | +2) [demonic ancestry]
   467 | D:2      | Reached XP level 2. HP: 15/19 MP: 1/5
   469 | D:2      | Reached skill level 1 in Hexes
  2032 | D:2      | Reached XP level 3. HP: 20/24 MP: 1/6
  2135 | D:2      | Noticed a scorpion
  2367 | D:2      | Learned a level 3 spell: Inner Flame
  2479 | D:2      | Killed a scorpion
  2480 | D:2      | Reached skill level 3 in Spellcasting
  2480 | D:2      | Reached XP level 4. HP: 15/30 MP: 0/8
  3544 | D:3      | Reached XP level 5. HP: 35/35 MP: 6/10
  4348 | D:4      | Killed from afar by an orc wizard

Illustrated notes

Levels and vault maps discovered:
D:1:      spicycebolla_arrival_risky_transporter, layout_basic
D:2:      layout_loops_corners
D:3:      layout_basic, st_stairs_12, minmay_misc_feat_encased
D:4:      layout_basic, hex_tiny, minivault_24, minmay_shop_damaged,
          hangedman_decor_clover_reticule

Skill      XL: |  1  2  3 |
---------------+----------+-----
Dodging        | 2 |  2.9
Hexes          | 1 2 |  2.4
Spellcasting   | 3 |  3.4
Fighting       | |  0.3
Stealth        | |  1.7
Conjurations   | |  1.0
Fire Magic     | |  2.6

Action                     |  1- 3 |  4- 6 || total
---------------------------+-------+-------++-------
  Melee: Dagger            |    27 |    26 ||    53
   Cast: Foxfire           |    64 |    58 ||   122
         Inner Flame       |     2 |       ||     2
    Use: Scroll            |       |     2 ||     2
 Armour: Robe              |    18 |    10 ||    28
  Dodge: Dodged            |    61 |    26 ||    87

Table legend: (Time is in decaauts)
 A = Elapsed time spent in this place.
 B = Non-inter-level travel time spent in this place.
 C = Inter-level travel time spent in this place.
 D = Time resting spent in this place.
 E = Time spent auto-exploring this place.
 F = Levels seen in this place.
 G = Mean time per level.
                   A        B        C        D        E       F      G
               +--------+--------+--------+--------+--------+-----+--------+
         Total |   4351 |   3869 |    482 |     83 |   3233 |   4 | 1087.8 |
       Dungeon |   4351 |   3869 |    482 |     83 |   3233 |   4 | 1087.8 |
               +--------+--------+--------+--------+--------+-----+--------+

Top non-repeatable levels by time:
     D:1: 1590 daAuts
     D:3: 1385 daAuts
     D:2: 1338 daAuts
     D:4: 37 daAuts
